 Dungeon Crawl Stone Soup version 0.25.1-2-g60ff931df9 (webtiles) character file.

Game seed: 3209605141610255082

16 Britanger the Magician (level 2, -1/15 HPs)
             Began as a Deep Elf Wizard on Oct 19, 2020.
             Slain by a goblin
             ... wielding a +0 dagger
              (4 damage)
             ... on level 1 of the Dungeon.
             The game lasted 00:03:46 (844 turns).

Britanger the Magician (Deep Elf Wizard)             Turns: 844, Time: 00:03:47

Health: -1/15      AC:  2    Str:  4    XL:     2   Next: 37%
Magic:  0/9        EV:  8    Int: 22    God:
Gold:   58         SH:  8    Dex: 13    Spells: 9/10 levels left

rFire    . . .     SeeInvis .   (no weapon)
rCold    . . .     Gourm    .   i - +0 tower shield (curse)
rNeg     . . .     Faith    .   a - +0 robe
rPois    .         Spirit   .   b - +0 hat
rElec    .         Reflect  .   (no cloak)
rCorr    .         Harm     .   (no gloves)
MR       .....                  (no boots)
Stlth    +.........             j - amulet of inaccuracy (curse)
HPRegen  0.05/turn              (no ring)
MPRegen  0.11/turn              (no ring)

@: contaminated, glowing
A: no striking features
a: no special abilities


You were on level 1 of the Dungeon.
You were not hungry.

You visited 1 branch of the dungeon, and saw 2 of its levels.

You collected 58 gold pieces.

Inventory:

Armour
 a - a +0 robe (worn)
 b - a +0 hat (worn)
 i - a cursed +0 tower shield (worn)
Jewellery
 j - a cursed amulet of inaccuracy (around neck)
Scrolls
 c - a scroll of teleportation
 e - 2 scrolls of identify
Potions
 f - a potion of curing
Comestibles
 d - 2 rations
 g - a chunk of flesh


   Skills:
 + Level 2.8 Dodging
 - Level 2.4 Stealth
 + Level 4.6 Spellcasting
 * Level 2.1 Conjurations
   Level 1.1 Summonings
   Level 1.1 Translocations


You had 9 spell levels left.
You knew the following spells:

 Your Spells              Type           Power        Failure   Level  Hunger
a - Magic Dart            Conj           ##..         75%         1    None

Your spell library contained the following spells:

 Spells                   Type           Power        Failure   Level  Hunger
 Blink                    Tloc           N/A          95%         2    None
 Call Imp                 Summ           ##......     95%         2    None
 Slow                     Hex            #.......     99%         2    None
 Conjure Flame            Conj/Fire      #.......     99%         3    ##.....
 Mephitic Cloud           Conj/Pois/Air  #.......     99%         3    ##.....


Dungeon Overview and Level Annotations

Branches:
Dungeon (2/15)

Altars:


Message History

Casting: Magic Dart (safe; 75% risk of failure)
Confirm with . or Enter, or press ? or * to list all spells.
Aiming: Magic Dart (safe; 75% risk of failure)
Press: ? - help, Shift-Dir - straight line, f - goblin
Aim: a goblin, wielding a +0 dagger You miscast Magic Dart.
Nothing appears to happen.
You block the goblin's attack.
You barely miss the goblin. You block the goblin's attack.
You hit the goblin.
The goblin is moderately wounded.
The goblin hits you with a +0 dagger.
* * * LOW HITPOINT WARNING * * *
You miss the goblin.
The goblin is moderately wounded.
The goblin hits you but does no damage. The goblin barely misses you.
You closely miss the goblin.
The goblin is moderately wounded.
The goblin barely misses you.
You miss the goblin. The goblin hits you with a +0 dagger.
You die...

##### ##...## ##.###.## #####
#.#####.###...####
######.##.............#
#.........##.###.#.##.## ##
#.#####.###.## #.......######
.####.######...#####..#.........#
...............g@..........####.#
..###.#############..####.## #.#
......# #..# #.#####.# ..#####
####..# #.....#.# ..########
#.....# ####..... .........#
#.##### #.####
.....###...#####.### #.# ...(.###
#.........# #.#
.......#########.#.# #.#


You could see a goblin.

Vanquished Creatures
  A dart slug (D:1)
  A goblin (D:1)
  3 jackals (D:1)
  A kobold (D:1)
  4 bats
  3 rats (D:1)
13 creatures vanquished.

Notes
Turn   | Place    | Note
-------+----------+-------------------------------------------
     0 | D:1      | Britanger the Deep Elf Wizard began the quest for the Orb.
     0 | D:1      | Reached XP level 1. HP: 10/10 MP: 7/7
   307 | D:1      | Reached XP level 2. HP: 15/15 MP: 1/9
   844 | D:1      | Slain by a goblin

Illustrated notes

Levels and vault maps discovered:
D:1:      wheals_arrival_linesprint, layout_loops_ring, minmay_pentomino_u4
D:2:      layout_loops_ring

Skill      XL: |  1  2 |
---------------+-------+-----
Conjurations   | 2 |  2.1
Dodging        | |  2.8
Stealth        | |  2.4
Spellcasting   | |  4.6
Summonings     | |  1.1
Translocations | |  1.1

Action                   || total
-------------------------++-------
Melee: Unarmed           ||    21
 Cast: Magic Dart        ||    35
  Use: Scroll            ||     2
       Potion            ||     1
Armor: Robe              ||     8
Dodge: Dodged            ||    27
Block: Tower shield      ||    12
